 Dungeon Crawl Stone Soup version 0.31-a0-176-g91f28db67f (webtiles) character file.

Game seed: 12450138674990924929

4781 qw the Skirmisher (level 10, -6/96 HPs)
             Began as a Naga Hunter on June 17, 2023.
             Was an Initiate of Okawaru.
             Mangled by a gnoll sergeant
             ... wielding a +2 spear of venom
              (8 damage)
             ... on level 8 of the Dungeon.
             The game lasted 00:04:03 (9154 turns).

qw the Skirmisher (Naga Hunter)                     Turns: 9154, Time: 00:04:04

Health: -6/96      AC:  4    Str: 13    XL:     10   Next: 47%
Magic:  10/10      EV: 11    Int: 10    God:    Okawaru [......]
Gold:   415        SH:  0    Dex: 19    Spells: 9/9 levels left

rFire   . . .        Y - +1 orcbow (elec)
rCold   . . .        (shield currently unavailable)
rNeg    . . .        c - +0 leather armour
rPois   +            (no helmet)
rElec   .            f - scarf {repulsion}
rCorr   .            (no gloves)
SInv    +            (no barding)
Will    ++...        (no amulet)
Stlth   ++           g - ring of willpower
HPRegen 0.36/turn    (no ring)
MPRegen 0.12/turn

%: repel missiles
@: short of breath, very slow
A: AC +3, large, see invisible, deformed body, poison resistance, slowness 2,
spit poison 1, naga tail 1
a: Spit Poison, Renounce Religion


You were on level 8 of the Dungeon.
You worshipped Okawaru.
Okawaru was noncommittal.
You visited 2 branches of the dungeon, and saw 9 of its levels.

You collected 415 gold pieces.


Innate Abilities, Weirdness & Mutations

Your serpentine skin is tough. (AC +3)
You have supernaturally acute eyesight. (SInv)
Armour fits poorly on your strangely shaped body.
Your system is resistant to poisons. (rPois)
You cover ground very slowly.
You can spit poison.
You have a snake-like lower body.


   Skills:
 - Level 8.0 Fighting
 + Level 11.6 Ranged Weapons
 - Level 1.0 Armour
 - Level 4.0 Dodging
 - Level 1.5 Stealth
 - Level 0.3 Invocations


You had 9 spell levels left.
You didn't know any spells.
Your spell library was empty.

Inventory:

Hand Weapons
 Y - a +1 orcbow of electrocution (weapon)
Armour
 c - a +0 leather armour (worn)
 f - a scarf of repulsion (worn)
 j - +0 steam dragon scales
 k - the +0 ring mail of the Soft God {-Tele rN+ Str+3 SInv}
   (You found it on level 4 of the Dungeon)

   Str:       It affects your strength (+3).
   rN:        It protects you from negative energy.
   SInv:      It lets you see invisible.
   -Tele:     It prevents most forms of teleportation.
Jewellery
 g - a ring of willpower (left hand)
Scrolls
 b - 3 scrolls of identify
Potions
 d - 4 potions of curing
 h - a potion of mutation
 i - a potion of cancellation

Dungeon Overview and Level Annotations

Branches:
Dungeon (8/15)             Temple (1/1) D:7
   Lair: D:8-11

Altars:
Ashenzari
Cheibriados
Dithmenos
Elyvilon
Fedhas
Gozag
Hepliaklqana
Kikubaaqudgha
Makhleb
Nemelex Xobeh
Okawaru
Qazlal
Ru
Sif Muna
Trog
Uskayaw
Vehumet
Wu Jian
Xom
Yredelemnul
Zin
The Shining One

Shops:
D:3 =   D:6 [

Annotations:
D:6 exclusion: 16 gnoll sergeants


Message History

You feel very sick. The gnoll barely misses you.
The gnoll sergeant barely misses you.
You shoot an arrow. The arrow barely misses the gnoll.
You feel sick. The gnoll sergeant closely misses you.
The gnoll closely misses you.
You shoot an arrow. The arrow closely misses the gnoll.
You feel sick. The gnoll misses you.
The gnoll sergeant hits you from afar with a +2 spear of venom.
You shoot an arrow. The arrow barely misses the gnoll.
You have got your breath back.
You feel sick.
The gnoll sergeant hits you from afar with a +2 spear of venom.
The gnoll hits you with a +0 flail!
9149 ||| INVOKING Spit Poison.
Aiming: Spit Poison (1% risk of failure)
Press: ? - help, Shift-Dir - straight line, f/p - gnoll The splash of poison misses the gnoll.
You feel sick. The gnoll hits you with a +0 flail!
The gnoll sergeant hits you from afar with a +2 spear of venom!
You shoot an arrow. The arrow closely misses the gnoll.
You feel sick.
The gnoll looks more healthy.
The gnoll sergeant hits you from afar with a +2 spear of venom!
The gnoll closely misses you.
You shoot an arrow. The arrow hits the gnoll!
You kill the gnoll!
Okawaru accepts your kill.
You feel sick.
The gnoll sergeant hits you from afar with a +2 spear of venom!
You shoot an arrow. The arrow hits the gnoll sergeant.
The gnoll sergeant is lightly wounded.
You feel sick.
The gnoll sergeant hits you from afar with a +2 spear of venom!
You shoot an arrow. The gnoll sergeant blocks the arrow.
You feel sick.
The gnoll sergeant hits you from afar with a +2 spear of venom.
You shoot an arrow. The gnoll sergeant blocks the arrow.
You feel sick.
You are no longer poisoned.
The gnoll sergeant hits you from afar with a +2 spear of venom!
You die...

#########.#......
...........)).)##
######....)####
##.###.# ######..#
#.### ##......##
#...# #..######
###.## #.## #..# #@#
###.## #gg).# #.....
#....#### #..... ####
#..... ##########
###..#
#........##########.#
########...<....###.#
########....).
##.....


You could see a gnoll sergeant and a gnoll.

Vanquished Creatures
  A boulder beetle (D:6)
  Grinder (D:3)
  Eustachio (D:6)
  2 steam dragons
  Menkaure (D:6)
  2 water moccasins
  Duvessa (D:6)
  An orc warrior (D:8)
  2 ice beasts
  A sky beast (D:7)
  A centaur (D:8)
  A gnoll sergeant (D:6)
  2 kobold brigands
  2 bullfrogs (D:8)
  2 scorpions (D:4)
  2 elf skeletons (D:6)
  10 wights
  Dowan (D:6)
  6 killer bees (D:8)
  A howler monkey (D:5)
  6 electric eels (D:6)
  5 hounds
  A human zombie (D:6)
  3 orc priests
  A jelly (D:7)
  An iguana (D:6)
  3 sleepcaps
  Ijyb (D:3)
  4 human skeletons (D:6)
  9 orc wizards
  5 adders
  13 gnolls
  A shadow imp (D:7)
  2 white imps
  3 ufetubi
  A worm (D:2)
  2 dart slugs
  42 orcs
  A ball python (D:2)
  7 endoplasms
  4 giant cockroaches
  5 goblins
  9 hobgoblins
  6 jackals (D:2)
  18 kobolds
  2 quokkas (D:3)
  5 bats
  5 frilled lizards
  4 orc skeletons (D:6)
  7 rats
217 creatures vanquished.

Notes
Turn   | Place    | Note
-------+----------+-------------------------------------------
     0 | D:1      | qw the Naga Hunter began the quest for the Orb.
     0 | D:1      | Reached XP level 1. HP: 19/19 MP: 1/1
     0 | D:1      | 0 ||| qw: Version: 0.3-a-5-g6f28e65
     0 | D:1      | 0 ||| qw: Game counter: 464
     0 | D:1      | 0 ||| qw: Always use a shield: true
     0 | D:1      | 0 ||| qw: God list: Okawaru
     0 | D:1      | 0 ||| qw: Allow faded altars: false
     0 | D:1      | 0 ||| qw: Do Orc after D:15 true
     0 | D:1      | 0 ||| qw: Do second Lair branch before Depths: true
     0 | D:1      | 0 ||| qw: Lair rune preference: random
     0 | D:1      | 0 ||| qw: Plans: Normal
     0 | D:1      | 0 ||| PLANNING D:1-11
    56 | D:1      | 56 ||| INVOKING Spit Poison.
    78 | D:1      | 78 ||| INVOKING Spit Poison.
    94 | D:1      | 94 ||| INVOKING Spit Poison.
   137 | D:1      | 137 ||| INVOKING Spit Poison.
   138 | D:1      | Reached skill level 4 in Ranged Weapons
   138 | D:1      | Reached XP level 2. HP: 26/26 MP: 2/2
   205 | D:1      | 205 ||| INVOKING Spit Poison.
   268 | D:1      | 268 ||| INVOKING Spit Poison.
   324 | D:1      | 324 ||| INVOKING Spit Poison.
   374 | D:1      | 374 ||| INVOKING Spit Poison.
   399 | D:1      | 399 ||| INVOKING Spit Poison.
   402 | D:1      | 402 ||| INVOKING Spit Poison.
   405 | D:1      | Reached XP level 3. HP: 31/32 MP: 3/3
   462 | D:1      | 462 ||| INVOKING Spit Poison.
   549 | D:1      | 549 ||| INVOKING Spit Poison.
   560 | D:1      | 560 ||| INVOKING Spit Poison.
   564 | D:1      | 564 ||| INVOKING Spit Poison.
   840 | D:1      | 840 ||| DROPPING ring of flight.
   841 | D:1      | 841 ||| READING 2 scrolls labelled KOLILO FUIHO.
   845 | D:1      | 845 ||| READING scroll labelled TOIBBI WIDYLO.
   846 | D:1      | 846 ||| READING scroll labelled BIUMEU NEACRU.
   847 | D:1      | 847 ||| READING scroll labelled DEQ OMUELERYOHA.
   847 | D:1      | Identified a scroll of acquirement
   847 | D:1      | 847 ||| ACQUIRING +0 orcbow of electrocution
   847 | D:1      | Acquired a +0 orcbow of electrocution
   849 | D:1      | 849 ||| SWAPPING to +0 orcbow of electrocution.
   850 | D:1      | 850 ||| DROPPING +0 shortbow.
   851 | D:1      | 851 ||| DROPPING scroll of butterflies.
   876 | D:2      | 876 ||| INVOKING Spit Poison.
   895 | D:2      | 895 ||| INVOKING Spit Poison.
   896 | D:2      | 896 ||| INVOKING Spit Poison.
   899 | D:2      | 899 ||| INVOKING Spit Poison.
   904 | D:2      | 904 ||| INVOKING Spit Poison.
   908 | D:2      | 908 ||| FLEEEEING.
   909 | D:2      | 909 ||| FLEEEEING.
   910 | D:2      | 910 ||| FLEEEEING.
   911 | D:2      | 911 ||| FLEEEEING.
   912 | D:2      | 912 ||| FLEEEEING.
   914 | D:2      | 914 ||| STAIRDANCE
   945 | D:1      | 945 ||| READING scroll labelled XAKLIA QUBLURPH.
   946 | D:1      | 946 ||| READING scroll labelled LEPTADUJUBB.
   953 | D:2      | 953 ||| INVOKING Spit Poison.
   963 | D:2      | 963 ||| INVOKING Spit Poison.
   968 | D:2      | 968 ||| INVOKING Spit Poison.
   972 | D:2      | 972 ||| INVOKING Spit Poison.
  1036 | D:2      | 1036 ||| INVOKING Spit Poison.
  1122 | D:2      | 1122 ||| INVOKING Spit Poison.
  1123 | D:2      | Reached skill level 5 in Ranged Weapons
  1123 | D:2      | Reached XP level 4. HP: 39/39 MP: 4/4
  1261 | D:2      | 1261 ||| INVOKING Spit Poison.
  1277 | D:2      | 1277 ||| UPGRADING to scarf of repulsion.
  1282 | D:2      | 1282 ||| UPGRADING to ring of willpower.
  1283 | D:2      | 1283 ||| READING scroll labelled ZINUSU GONLUUH.
  1284 | D:2      | 1284 ||| READING scroll labelled IMORULLAME.
  1285 | D:2      | 1285 ||| DRINKING 2 orange potions.
  1319 | D:3      | Found Vocounus's Jewellery Shop.
  1322 | D:3      | 1322 ||| INVOKING Spit Poison.
  1327 | D:3      | 1327 ||| INVOKING Spit Poison.
  1330 | D:3      | Reached skill level 3 in Fighting
  1331 | D:3      | 1331 ||| INVOKING Spit Poison.
  1333 | D:3      | Reached XP level 5. HP: 35/49 MP: 5/5
  1361 | D:3      | 1361 ||| FLEEEEING.
  1362 | D:3      | 1362 ||| FLEEEEING.
  1363 | D:3      | 1363 ||| STAIRDANCE
  1398 | D:3      | Found a faded altar of an unknown god.
  1412 | D:3      | 1412 ||| INVOKING Spit Poison.
  1423 | D:3      | 1423 ||| SHOPLISTING +6 ring of dexterity (360 gold, have
                  | 129).
  1423 | D:3      | 1423 ||| SHOPLISTING amulet "Mecatz" {rPois rF+ Regen+}
                  | (482 gold, have 129).
  1423 | D:3      | 1423 ||| SHOPLISTING amulet of regeneration (300 gold, have
                  | 129).
  1433 | D:3      | 1433 ||| INVOKING Spit Poison.
  1469 | D:3      | Noticed Grinder
  1522 | D:3      | 1522 ||| INVOKING Spit Poison.
  1530 | D:3      | 1530 ||| INVOKING Spit Poison.
  1556 | D:3      | 1556 ||| INVOKING Spit Poison.
  1575 | D:3      | Noticed Ijyb
  1576 | D:3      | 1576 ||| INVOKING Spit Poison.
  1580 | D:3      | 1580 ||| INVOKING Spit Poison.
  1585 | D:3      | 1585 ||| INVOKING Spit Poison.
  1589 | D:3      | Killed Ijyb
  1749 | D:3      | 1749 ||| INVOKING Spit Poison.
  1753 | D:3      | 1753 ||| INVOKING Spit Poison.
  1860 | D:3      | 1860 ||| INVOKING Spit Poison.
  1954 | D:3      | 1954 ||| INVOKING Spit Poison.
  2017 | D:3      | Found a white marble altar of Elyvilon.
  2018 | D:3      | Found a burning altar of Makhleb.
  2077 | D:3      | 2077 ||| READING 2 scrolls of identify.
  2077 | D:3      | 2077 ||| IDENTIFYING emerald potion
  2081 | D:3      | 2081 ||| INVOKING Spit Poison.
  2195 | D:3      | 2195 ||| INVOKING Spit Poison.
  2219 | D:3      | Paralysed by Grinder for 3 turns
  2225 | D:3      | Killed Grinder
  2226 | D:3      | Reached skill level 6 in Ranged Weapons
  2226 | D:3      | Reached XP level 6. HP: 49/56 MP: 6/6
  2469 | D:4      | 2469 ||| INVOKING Spit Poison.
  2473 | D:4      | 2473 ||| INVOKING Spit Poison.
  2492 | D:4      | 2492 ||| INVOKING Spit Poison.
  2495 | D:4      | 2495 ||| INVOKING Spit Poison.
  2516 | D:4      | 2516 ||| INVOKING Spit Poison.
  2517 | D:4      | Reached XP level 7. HP: 63/63 MP: 7/7
  2521 | D:4      | 2521 ||| INVOKING Spit Poison.
  2560 | D:4      | Identified the +0 ring mail of the Soft God {-Tele rN+
                  | Str+3 SInv}
  2614 | D:4      | 2614 ||| INVOKING Spit Poison.
  2706 | D:4      | 2706 ||| INVOKING Spit Poison.
  2712 | D:4      | 2712 ||| INVOKING Spit Poison.
  2715 | D:4      | 2715 ||| INVOKING Spit Poison.
  2950 | D:4      | 2950 ||| INVOKING Spit Poison.
  2952 | D:4      | 2952 ||| Stepping ~*~*~tactically~*~*~ (outnumbered).
  2956 | D:4      | 2956 ||| INVOKING Spit Poison.
  2960 | D:4      | Reached skill level 7 in Ranged Weapons
  2972 | D:4      | 2972 ||| INVOKING Spit Poison.
  3129 | D:4      | 3129 ||| READING 2 scrolls of identify.
  3129 | D:4      | 3129 ||| IDENTIFYING sedimented dark potion
  3149 | D:5      | Entered Level 5 of the Dungeon
  3168 | D:5      | 3168 ||| INVOKING Spit Poison.
  3188 | D:5      | Identified the staff of air "Nyillebb" {rElec rF- rC+
                  | Dex+3}
  3229 | D:5      | 3229 ||| INVOKING Spit Poison.
  3295 | D:5      | 3295 ||| INVOKING Spit Poison.
  3298 | D:5      | 3298 ||| INVOKING Spit Poison.
  3457 | D:5      | 3457 ||| INVOKING Spit Poison.
  3493 | D:5      | 3493 ||| INVOKING Spit Poison.
  3548 | D:5      | 3548 ||| INVOKING Spit Poison.
  3783 | D:5      | 3783 ||| READING 2 scrolls of identify.
  3783 | D:5      | 3783 ||| IDENTIFYING fuming inky potion
  3784 | D:5      | 3784 ||| DROPPING potion of magic.
  3818 | D:6      | Found Vavirout's Armour Shop.
  3819 | D:6      | 3819 ||| PLANNING OSSUARY
  3819 | D:6      | 3819 ||| INVOKING Spit Poison.
  3822 | D:6      | 3822 ||| INVOKING Spit Poison.
  3824 | D:6      | 3824 ||| STAIRDANCE
  3999 | D:6      | Noticed a steam dragon
  4000 | D:6      | 4000 ||| INVOKING Spit Poison.
  4006 | D:6      | 4006 ||| INVOKING Spit Poison.
  4007 | D:6      | Killed a steam dragon
  4008 | D:6      | Reached skill level 8 in Ranged Weapons
  4008 | D:6      | Reached XP level 8. HP: 46/72 MP: 8/8
  4093 | D:6      | 4093 ||| INVOKING Spit Poison.
  4096 | D:6      | Noticed Menkaure
  4098 | D:6      | 4098 ||| INVOKING Spit Poison.
  4104 | D:6      | HP: 13/73 [??? (10)]
  4105 | D:6      | 4105 ||| READING 2 scrolls of teleportation.
  4106 | D:6      | 4106 ||| DRINKING 3 potions of heal wounds.
  4107 | D:6      | Killed Menkaure
  4397 | D:6      | 4397 ||| RIP OSSUARY
  4405 | D:6      | 4405 ||| PLANNING D:1-11
  4562 | D:6      | Noticed Eustachio
  4567 | D:6      | 4567 ||| INVOKING Spit Poison.
  4572 | D:6      | 4572 ||| INVOKING Spit Poison.
  4575 | D:6      | 4575 ||| INVOKING Spit Poison.
  4576 | D:6      | Killed Eustachio
  4577 | D:6      | Reached skill level 9 in Ranged Weapons
  4663 | D:6      | 4663 ||| STAIRDANCE
  4668 | D:5      | HP: 17/74 [ice beast (14)]
  4669 | D:5      | 4669 ||| READING 2 scrolls of teleportation.
  4669 | D:5      | HP: 3/74 [ice beast (11)]
  4670 | D:5      | 4670 ||| DRINKING 2 potions of heal wounds.
  4834 | D:5      | 4834 ||| READING scroll labelled FECOGE BUNA.
  4856 | D:6      | 4856 ||| INVOKING Spit Poison.
  4859 | D:6      | 4859 ||| INVOKING Spit Poison.
  4862 | D:6      | 4862 ||| INVOKING Spit Poison.
  4976 | D:6      | Reached skill level 6 in Fighting
  4979 | D:6      | Reached XP level 9. HP: 32/81 MP: 9/9
  4981 | D:6      | HP: 11/80 [wight/+0 long sword (15)]
  4982 | D:6      | 4982 ||| READING scroll of teleportation.
  4983 | D:6      | 4983 ||| DRINKING potion of heal wounds.
  4986 | D:6      | 4986 ||| INVOKING Spit Poison.
  4990 | D:6      | 4990 ||| INVOKING Spit Poison.
  4993 | D:6      | Reached skill level 3 in Dodging
  4993 | D:6      | 4993 ||| INVOKING Spit Poison.
  5203 | D:6      | 5203 ||| INVOKING Spit Poison.
  5204 | D:6      | 5204 ||| Stepping ~*~*~tactically~*~*~ (outnumbered).
  5206 | D:6      | 5206 ||| Stepping ~*~*~tactically~*~*~ (outnumbered).
  5209 | D:6      | 5209 ||| Stepping ~*~*~tactically~*~*~ (outnumbered).
  5210 | D:6      | 5210 ||| INVOKING Spit Poison.
  5216 | D:6      | 5216 ||| INVOKING Spit Poison.
  5220 | D:6      | 5220 ||| INVOKING Spit Poison.
  5224 | D:6      | 5224 ||| READING scroll labelled FICZIGHARGH.
  5240 | D:6      | HP: 16/81 [gnoll sergeant/+0 spear (11)]
  5246 | D:6      | HP: 7/81 [gnoll sergeant/+0 spear (3)]
  5249 | D:6      | 5249 ||| INVOKING Spit Poison.
  5501 | D:6      | 5501 ||| INVOKING Spit Poison.
  5505 | D:6      | 5505 ||| INVOKING Spit Poison.
  5591 | D:6      | 5591 ||| INVOKING Spit Poison.
  5618 | D:6      | Noticed Dowan
  5619 | D:6      | 5619 ||| INVOKING Spit Poison.
  5620 | D:6      | Noticed Duvessa
  5625 | D:6      | 5625 ||| INVOKING Spit Poison.
  5628 | D:6      | Killed Duvessa
  5631 | D:6      | HP: 12/82 [Dowan/shard of ice (14)]
  5632 | D:6      | 5632 ||| INVOKING Spit Poison.
  5632 | D:6      | HP: 4/82 [Dowan/puff of flame (9)]
  5635 | D:6      | Killed Dowan
  5877 | D:7      | 5877 ||| INVOKING Spit Poison.
  5881 | D:7      | 5881 ||| STAIRDANCE
  5883 | D:6      | 5883 ||| INVOKING Spit Poison.
  5889 | D:6      | 5889 ||| INVOKING Spit Poison.
  5895 | D:6      | 5895 ||| INVOKING Spit Poison.
  5898 | D:6      | 5898 ||| INVOKING Spit Poison.
  5899 | D:6      | HP: 18/82 [kobold/+0 dagger (3)]
  5901 | D:6      | 5901 ||| INVOKING Spit Poison.
  6096 | D:7      | 6096 ||| INVOKING Spit Poison.
  6097 | D:7      | 6097 ||| INVOKING Spit Poison.
  6129 | D:7      | Reached skill level 10 in Ranged Weapons
  6194 | D:7      | 6194 ||| READING scroll labelled APU RAAR FOQUQ YFU.
  6605 | D:6      | 6605 ||| INVOKING Spit Poison.
  6631 | D:6      | Noticed a boulder beetle
  6634 | D:6      | 6634 ||| INVOKING Spit Poison.
  6638 | D:6      | Killed a boulder beetle
  6639 | D:6      | Reached skill level 11 in Ranged Weapons
  6744 | D:6      | 6744 ||| INVOKING Spit Poison.
  6748 | D:6      | 6748 ||| FLEEEEING.
  6819 | D:6      | 6819 ||| INVOKING Spit Poison.
  6822 | D:6      | Reached skill level 1 in Armour
  6823 | D:6      | 6823 ||| FLEEEEING.
  6913 | D:6      | 6913 ||| FLEEEEING.
  6991 | D:6      | 6991 ||| INVOKING Spit Poison.
  6995 | D:6      | 6995 ||| INVOKING Spit Poison.
  6996 | D:6      | Reached XP level 10. HP: 48/94 MP: 10/10
  6996 | D:6      | 6996 ||| FLEEEEING.
  7133 | D:6      | 7133 ||| INVOKING Spit Poison.
  7137 | D:6      | 7137 ||| FLEEEEING.
  7230 | D:6      | 7230 ||| READING scroll labelled LEZO ATECSIAL.
  7443 | D:6      | 7443 ||| FLEEEEING.
  7444 | D:6      | 7444 ||| FLEEEEING.
  7506 | D:6      | 7506 ||| READING 2 scrolls of identify.
  7506 | D:6      | 7506 ||| IDENTIFYING metallic red potion
  7713 | D:7      | 7713 ||| Stepping ~*~*~tactically~*~*~ (outnumbered).
  7715 | D:7      | 7715 ||| Stepping ~*~*~tactically~*~*~ (outnumbered).
  7716 | D:7      | 7716 ||| INVOKING Spit Poison.
  7717 | D:7      | 7717 ||| Stepping ~*~*~tactically~*~*~ (outnumbered).
  7723 | D:7      | 7723 ||| INVOKING Spit Poison.
  7727 | D:7      | 7727 ||| INVOKING Spit Poison.
  7730 | D:7      | 7730 ||| INVOKING Spit Poison.
  7737 | D:7      | 7737 ||| INVOKING Spit Poison.
  7814 | D:7      | 7814 ||| INVOKING Spit Poison.
  7904 | D:7      | 7904 ||| INVOKING Spit Poison.
  7910 | D:7      | Found a staircase to the Ecumenical Temple.
  7911 | D:7      | 7911 ||| PLANNING TEMPLE
  7911 | D:7      | 7911 ||| INVOKING Spit Poison.
  7936 | D:7      | 7936 ||| DRINKING 2 bubbling white potions.
  7937 | D:7      | 7937 ||| DROPPING potion of invisibility.
  7942 | Temple   | Entered the Ecumenical Temple
  8002 | Temple   | 8002 ||| PLANNING OKAWARU WORSHIP
  8140 | Temple   | Became a worshipper of Warmaster Okawaru
  8141 | Temple   | 8141 ||| PLANNING D:1-11
  8289 | D:7      | 8289 ||| INVOKING Spit Poison.
  8295 | D:7      | 8295 ||| INVOKING Spit Poison.
  8298 | D:7      | 8298 ||| INVOKING Spit Poison.
  8414 | D:7      | 8414 ||| INVOKING Spit Poison.
  8477 | D:7      | 8477 ||| READING 4 scrolls of identify.
  8477 | D:7      | 8477 ||| IDENTIFYING metallic dark potion
  8478 | D:7      | 8478 ||| DROPPING potion of ambrosia.
  8516 | D:8      | 8516 ||| INVOKING Spit Poison.
  8538 | D:8      | 8538 ||| INVOKING Spit Poison.
  8545 | D:8      | 8545 ||| INVOKING Spit Poison.
  8548 | D:8      | 8548 ||| INVOKING Spit Poison.
  8585 | D:8      | 8585 ||| INVOKING Spit Poison.
  8590 | D:8      | 8590 ||| INVOKING Spit Poison.
  8593 | D:8      | 8593 ||| INVOKING Spit Poison.
  8618 | D:8      | 8618 ||| Stepping ~*~*~tactically~*~*~ (outnumbered).
  8619 | D:8      | 8619 ||| INVOKING Spit Poison.
  8626 | D:8      | 8626 ||| Stepping ~*~*~tactically~*~*~ (outnumbered).
  8628 | D:8      | 8628 ||| INVOKING Spit Poison.
  8634 | D:8      | 8634 ||| INVOKING Spit Poison.
  8674 | D:8      | 8674 ||| INVOKING Spit Poison.
  8678 | D:8      | 8678 ||| INVOKING Spit Poison.
  8683 | D:8      | 8683 ||| INVOKING Spit Poison.
  8726 | D:8      | 8726 ||| INVOKING Spit Poison.
  8731 | D:8      | 8731 ||| INVOKING Spit Poison.
  8809 | D:8      | 8809 ||| INVOKING Spit Poison.
  8811 | D:8      | Reached * piety under Okawaru
  8817 | D:8      | 8817 ||| INVOKING Spit Poison.
  8819 | D:8      | 8819 ||| INVOKING Heroism.
  8824 | D:8      | HP: 24/96 [killer bee (7)]
  8825 | D:8      | 8825 ||| READING scroll of teleportation.
  8825 | D:8      | HP: 11/96 [killer bee (8)]
  8826 | D:8      | 8826 ||| DRINKING potion of heal wounds.
  8827 | D:8      | 8827 ||| INVOKING Spit Poison.
  9009 | D:8      | 9009 ||| INVOKING Spit Poison.
  9140 | D:8      | 9140 ||| INVOKING Spit Poison.
  9141 | D:8      | 9141 ||| Stepping ~*~*~tactically~*~*~ (outnumbered).
  9144 | D:8      | 9144 ||| INVOKING Spit Poison.
  9149 | D:8      | 9149 ||| INVOKING Spit Poison.
  9151 | D:8      | HP: 18/96 [gnoll sergeant/+2 spear of venom (11)]
  9152 | D:8      | HP: 6/96 [gnoll sergeant/+2 spear of venom (11)]
  9154 | D:8      | HP: 2/96 [poisoned by a gnoll sergeant]
  9154 | D:8      | Mangled by a gnoll sergeant

Levels and vault maps discovered:
D:1:      co_arrival_square_in_a_square_in_a_square, layout_basic, serial_glass,
          glass_columns_c, glass_columns_a, minmay_misc_feat_hallway,
          minmay_small_reverse_x
D:2:      layout_rooms, cheibrodos_gnoll_hut
D:3:      layout_rooms, mainiacjoe_overflow_divided_tiny, serial_shops,
          nicolae_shop_tiny_glass,
          hellmonk_ecumenical_altar_pennies_from_heaven,
          serial_co_window_serial, co_window_paths_a,
          co_window_of_opportunity_a, co_window_paths_b, co_window_paths_a,
          co_window_paths_b, co_window_corner_b, co_window_of_opportunity_b,
          co_window_cross_4, co_window_broadway_b, co_window_4corner_a,
          uniq_ijyb, uniq_grinder
D:4:      layout_gridville
D:5:      layout_loops_ring
D:6:      cheibrodos_two_vegetables, layout_loops_cross, serial_shops, shop,
          nicolae_ossuary_entry_catacombs, uniq_menkaure, uniq_duvessa,
          uniq_eustachio
D:7:      layout_gridville, minmay_temple_entry_wispy
D:8:      layout_rooms
Temple:   nicolae_temple_slightly_damp_pantheon

Skill      XL: |  1  2  3  4  5  6  7  8  9 10 |
---------------+-------------------------------+-----
Ranged Weapons | 4 5 6 8 9 11 | 11.6
Fighting       | 3 4 6 7 8 |  8.0
Dodging        | 2 3 4 |  4.0
Armour         | 1 |  1.0
Stealth        | |  1.5
Invocations    | |  0.3

Action                     |  1- 3 |  4- 6 |  7- 9 | 10-12 || total
---------------------------+-------+-------+-------+-------++-------
   Fire: Shortbow          |    46 |       |       |       ||    46
         Orcbow            |    37 |    60 |   308 |   146 ||   551
 Invoke: Heroism           |       |       |       |     1 ||     1
Ability: Spit Poison       |    24 |    23 |    54 |    35 ||   136
    Use: Scroll            |     6 |     3 |     8 |     4 ||    21
         Potion            |       |     1 |     3 |     2 ||     6
 Armour: Leather armour    |     7 |     2 |    57 |     4 ||    70
  Dodge: Dodged            |    22 |     7 |   128 |    43 ||   200
         Repelled          |       |     2 |     1 |       ||     3

Table legend:
 A = Non-vault XP
 B = Vault XP
 C = Vault XP percentage of total XP
 D = Non-vault monster count
 E = Vault monster count
 F = Vault count percentage of total count
                 A         B        C        D         E       F
            +---------+---------+-------+---------+---------+-------
      Total |    4345 |    2485 |  36.4 |     184 |      33 |  15.2
            +---------+---------+-------+---------+---------+-------
        D:1 |      35 |       6 |  14.6 |      21 |       4 |  16.0
        D:2 |      40 |      17 |  29.8 |      19 |       3 |  13.6
        D:3 |     120 |     294 |  71.0 |      20 |       2 |   9.1
        D:4 |     299 |       0 |   0.0 |      17 |       0 |   0.0
        D:5 |     407 |       0 |   0.0 |      10 |       0 |   0.0
        D:6 |     990 |    2168 |  68.7 |      30 |      24 |  44.4
        D:7 |    1044 |       0 |   0.0 |      34 |       0 |   0.0
        D:8 |    1410 |       0 |   0.0 |      33 |       0 |   0.0
            +---------+---------+-------+---------+---------+-------
